Map: Catalyst LE

Players

Juxtapose

  • Race: Terran Terran
  • League: Platinum
  • Spawn Location: 5:00

daggermuth - Winner!

  • Race: Protoss Protoss
  • League: Platinum
  • Spawn Location: 11:00

VOD

https://youtu.be/3lcwIr1pIOE

Description

I just play poorly in this match, and am totally not with it.

I get heavily Supply blocked early on, and fail to recover from that. I research Stimpack, and don't use it. Just ugh.

Time

  • Played on: Feb. 22, 2018, 8:37 p.m.
  • Length: 8:42
Show
View Real Time Build Order
Export as new Build Order

Juxtapose Terran 

Build Orders: MMM Bio 

Get SALT Encoding   

  12  0:01  SCV  
  13  0:13  SCV  
  14  0:21  Supply Depot  
  14  0:25  SCV  
  15  0:43  SCV  
  15  0:48  Barracks  
  16  0:50  Supply Depot  
  16  0:55  SCV  
  17  1:06  Refinery  
  17  1:07  SCV  
  18  1:19  SCV  
  18  1:22  Refinery  
  20  1:35  Orbital Command  
  19  1:58  Barracks Reactor  
  19  2:05  SCV  
  20  2:18  SCV  
  20  2:19  Bunker  
  21  2:27  Factory  
  21  2:30  SCV  
  21  2:31  Engineering Bay  
  21  2:36  Marine x2  
  24  2:42  SCV  
  25  2:54  SCV  
  25  2:56  Marine x2  
  28  3:04  Terran Infantry Weapons Level 1  
  28  3:07  Missile Turret  
  28  3:11  Factory Reactor  
  28  3:14  Marine x2  
  30  3:23  Command Center  
  30  3:34  Marine  
  30  3:35  Barracks  
  31  3:53  Supply Depot  
  31  4:12  Supply Depot  
  31  4:14  Marine x2  
  33  4:21  Cyclone x2  
  33  4:24  Barracks Tech Lab  
  39  4:34  Marine x2  
  41  4:44  SCV  
  42  4:50  Stimpack  
  42  4:51  Marauder  
  42  4:52  Marine x2  
  45  4:54  Cyclone  
  45  4:56  SCV  
  50  5:07  Orbital Command  
  50  5:10  Cyclone  
  50  5:12  SCV  
  50  5:13  Marauder  
  56  5:21  Marine  
  56  5:22  Marine  
  56  5:26  Cyclone  
  61  5:44  SCV  
  62  5:54  Supply Depot, Terran Infantry Armor Level 1  
  62  6:15  Marine x2  
  62  6:16  Marauder, SCV, Cyclone  
  70  6:20  Supply Depot  
  70  6:21  Armory  
  70  6:30  Missile Turret  
  70  6:41  SCV x2, Cyclone  
  70  6:42  Marauder  
  70  6:43  Marine, Supply Depot  
  78  6:56  Refinery  
  78  7:00  Refinery  
  78  7:04  Marauder, Marine x2, SCV x2  
  78  7:07  Combat Shields  
  84  7:13  Supply Depot  
  84  7:16  SCV  
  85  7:26  Marauder  
  53  7:38  Marine  
  53  7:39  Marine  
  55  7:44  Cyclone x2  
  55  7:47  Marauder  
  55  7:48  SCV  
  64  7:53  SCV  
  65  8:00  SCV  
  63  8:08  Marine x2  
  49  8:14  Marine  
Show
View Real Time Build Order
Export as new Build Order

daggermuth Protoss - Winner!

Build Orders:  

Get SALT Encoding   

  12  0:01  Probe  
  13  0:13  Probe  
  14  0:24  Pylon  
  14  0:25  Probe  
  15  0:46  Gateway  
  15  0:48  Gateway  
  15  0:51  Probe  
  16  1:03  Probe  
  17  1:19  Probe  
  17  1:21  Assimilator  
  17  1:22  Pylon  
  18  1:31  Probe  
  19  1:34  Cybernetics Core  
  19  1:35  Zealot  
  21  1:44  Probe  
  22  1:51  Zealot  
  24  2:00  Probe, Assimilator  
  25  2:09  Pylon  
  25  2:12  Probe  
  25  2:15  Warp Gate (Chrono Boost)  
  26  2:24  Probe  
  27  2:36  Probe  
  28  2:37  Pylon  
  28  2:40  Adept x2  
  32  2:52  Robotics Facility  
  32  2:54  Probe  
  33  3:06  Probe (Chrono Boost)  
  34  3:18  Probe (Chrono Boost)  
  34  3:19  Pylon  
  35  3:23  Probe (Chrono Boost), Adept  
  38  3:32  Probe  
  39  3:35  Stalker  
  39  3:39  Observer  
  42  3:44  Probe (Chrono Boost)  
  43  3:54  Probe (Chrono Boost)  
  44  3:56  Pylon  
  44  3:59  Probe (Chrono Boost)  
  45  4:11  Probe  
  45  4:14  Nexus  
  46  4:23  Probe  
  47  4:27  Immortal  
  51  4:35  Probe (Chrono Boost)  
  52  4:43  Adept  
  52  4:45  Probe (Chrono Boost)  
  55  4:49  Adept  
  55  4:50  Probe (Chrono Boost)  
  58  5:01  Probe  
  59  5:07  Twilight Council  
  59  5:09  Immortal  
  63  5:15  Pylon  
  63  5:20  Observer  
  63  5:23  Forge  
  63  5:34  Shield Battery  
  63  5:36  Zealot  
  63  5:37  Zealot  
  67  5:52  Observer  
  67  5:53  Immortal  
  71  5:57  Pylon  
  71  6:00  Charge (Chrono Boost), Assimilator  
  71  6:02  Probe (Chrono Boost), Assimilator  
  73  6:12  Probe (Chrono Boost)  
  73  6:17  Probe (Chrono Boost)  
  74  6:28  Probe  
  74  6:32  Protoss Ground Weapons Level 1 (Chrono Boost)  
  75  6:33  Zealot x2  
  75  6:38  Immortal  
  83  6:40  Probe  
  83  6:42  Observer  
  83  6:43  Robotics Bay  
  84  6:52  Probe  
  85  6:55  Gateway  
  85  6:58  Gateway x2  
  85  7:07  Adept x2  
  88  7:18  Observer  
  79  7:34  Zealot x2  
  79  7:39  Observer  
  80  7:57  Robotics Facility  
  80  7:58  Zealot  
  80  7:59  Zealot x2  
  80  8:00  Immortal  
Tags
 
Composition
MMM Bio
Matchup
PvT
Spawn Locations
Cross Positions
Add a new tag
Caveats
  • Supply blocks, unpowered buildings, or Contaminate may cause inaccurate times.
  • Supply counts are checked every 10 seconds.